 Dungeon Crawl Stone Soup version 0.28.0-53-g5a82cb258f (webtiles) character file.

Game seed: 9653705215561510794

241 concernfroge the Conjurer (level 5, -1/28 HPs)
             Began as a Deep Elf Conjurer on June 18, 2022.
             Killed by divine providence
             ... invoked by an orc priest
              (13 damage)
             ... on level 4 of the Dungeon.
             The game lasted 00:12:18 (4235 turns).

concernfroge the Conjurer (Deep Elf Conjurer)       Turns: 4235, Time: 00:12:18

Health: -1/28      AC:  4    Str:  2 (4)  XL:     5   Next: 80%
Magic:  12/15      EV: 12    Int: 23 (25) God:
Gold:   182        SH:  0    Dex: 11 (13) Spells: 1/15 levels left

rFire   . . .      SeeInvis .   (no weapon)
rCold   . . .      Faith    .   (no shield)
rNeg    . . .      Spirit   .   a - +0 robe
rPois   .          Reflect  .   (no helmet)
rElec   .          Harm     .   (no cloak)
rCorr   .          Rampage  .   l - +0 pair of gloves
Will    .....                   g - +0 pair of boots
Stlth   ++........              (no amulet)
HPRegen 0.09/turn               (no ring)
MPRegen 0.14/turn               (no ring)

@: no status effects
A: no striking features
a: no special abilities


You were on level 4 of the Dungeon.
You visited 1 branch of the dungeon, and saw 4 of its levels.

You collected 305 gold pieces.
You spent 123 gold pieces at shops.

Inventory:

Armour
 a - a +0 robe (worn)
 g - a +0 pair of boots (worn)
 l - a +0 pair of gloves (worn)
Jewellery
 i - a ring of ice
Scrolls
 b - 2 scrolls of identify
 c - a scroll of enchant weapon
 d - 3 scrolls of teleportation
 e - a scroll of blinking {unknown}
 f - a scroll of fog
 h - a scroll of enchant armour
Potions
 j - a potion of haste
 k - a potion of heal wounds {unknown}


   Skills:
 - Level 2.4 Dodging
 - Level 2.4 Stealth
 + Level 5.7 Spellcasting
 + Level 6.0 Conjurations
 + Level 3.1 Hexes


You had one spell level left.
You knew the following spells:

 Your Spells              Type           Power      Damage    Failure   Level
a - Magic Dart            Conj           100%       1d8       1%          1
b - Searing Ray           Conj           68%        2d6       1%          2
c - Dazzling Flash        Conj/Hex       54%        N/A       4%          3
d - Fulminant Prism       Conj/Hex       13%        3d9       13%         4
e - Iskenderun's Mystic   Conj/Tloc      20%        2d6       26%         4

Your spell library contained the following spells:

 Spells                   Type           Power      Damage    Failure   Level
 Pain                     Necr           24%        1d5       9%          1
 Agony                    Necr           6%         N/A       94%         5
 Excruciating Wounds      Necr           3%         N/A       94%         5


Dungeon Overview and Level Annotations

Branches:
Dungeon (4/15)
 Temple: D:4-7

Altars:
Kikubaaqudgha
Nemelex Xobeh

Shops:
D:4 ?

Annotations:
D:4 3 runed translucent doors, Menkaure


Message History

The searing ray hits the orc wizard!
You kill the orc wizard!
Your Conjurations skill increases to level 6!
Your Hexes skill increases to level 3!
You start resting.
Magic restored.
HP restored.
You now have 182 gold pieces (gained 54).
Things that are here:
a +0 dagger; a +0 leather armour An orc priest comes into view.
It is wielding a +0 dagger of electrocution.
Found 16 gold pieces.
You see here 11 gold pieces.
Casting: Searing Ray (safe; 1% risk of failure)
Confirm with . or Enter, or press ? or * to list all spells.
Aiming: Magic Dart (safe; 1% risk of failure)
Press: ? - help, Shift-Dir - straight line, f - orc priest
Aim: an orc priest, wielding a +0 dagger of electrocution (asleep, 100% to hit)
The magic dart hits the orc priest but does no damage.
The orc priest shouts!
You hear a shout!
The orc priest calls down the wrath of Beogh upon you.
Beogh smites you!
Ouch! That really hurt!
Casting: Magic Dart (safe; 1% risk of failure)
Confirm with . or Enter, or press ? or * to list all spells.
Aiming: Magic Dart (safe; 1% risk of failure)
Press: ? - help, Shift-Dir - straight line, f/p - orc priest
Aim: an orc priest, wielding a +0 dagger of electrocution (100% to hit)
The magic dart hits the orc priest.
The orc priest is moderately wounded.
Casting: Magic Dart (safe; 1% risk of failure)
Confirm with . or Enter, or press ? or * to list all spells.
Aiming: Magic Dart (safe; 1% risk of failure)
Press: ? - help, Shift-Dir - straight line, f/p - orc priest
Aim: an orc priest, wielding a +0 dagger of electrocution (moderately wounded, 100% to hit)
The magic dart hits the orc priest!
The orc priest is severely wounded.
The orc priest mumbles some strange prayers to Beogh against you.
Beogh smites you!
You die...

#.#..........
#.#..........
#.#.......... . #
#.#.......... #.##$
#)#..........
#....#######.#..........
#.........#..........
...##..............^###
#.@................
#..................
......#.............
........#..........###
..o.......#..........###
#.........##+#..........
#........!# ###########
#.........# #### ## ....


You could see an orc priest.

Vanquished Creatures
  5 orc wizards
  3 adders
  A worm (D:3)
  A dart slug (D:3)
  7 orcs
  4 ball pythons
  12 endoplasms
  6 giant cockroaches
  10 hobgoblins
  5 kobolds
  7 quokkas
  4 bats
  3 frilled lizards
  2 goblins (D:1)
  4 rats
74 creatures vanquished.

Notes
Turn   | Place    | Note
-------+----------+-------------------------------------------
     0 | D:1      | concernfroge the Deep Elf Conjurer began the quest for the
                  | Orb.
     0 | D:1      | Reached XP level 1. HP: 10/10 MP: 6/6
     0 | D:1      | Found an ancient bone altar of Kikubaaqudgha.
   265 | D:1      | Reached XP level 2. HP: 15/15 MP: 4/8
   268 | D:1      | Learned a level 2 spell: Searing Ray
   356 | D:1      | Found a faded altar of an unknown god.
  1288 | D:2      | Reached skill level 5 in Conjurations
  1288 | D:2      | Reached XP level 3. HP: 19/19 MP: 5/10
  1292 | D:2      | Learned a level 3 spell: Dazzling Flash
  2065 | D:3      | Reached skill level 1 in Hexes
  2065 | D:3      | Reached XP level 4. HP: 12/24 MP: 6/12
  2519 | D:3      | Reached skill level 5 in Spellcasting
  2826 | D:3      | Reached XP level 5. HP: 17/28 MP: 9/14
  3411 | D:3      | Found a sparkling altar of Nemelex Xobeh.
  3548 | D:4      | Noticed Menkaure
  3563 | D:3      | Learned a level 4 spell: Fulminant Prism
  3568 | D:3      | Learned a level 4 spell: Iskenderun's Mystic Blast
  3858 | D:4      | Found Tinul's Magic Scroll Shop.
  3867 | D:4      | Bought a scroll of fog for 26 gold pieces
  3867 | D:4      | Bought a scroll of enchant armour for 97 gold pieces
  3989 | D:4      | Found a runed translucent gate.
  3989 | D:4      | Found a runed translucent gate.
  3989 | D:4      | Found a runed translucent gate.
  4129 | D:4      | Reached skill level 6 in Conjurations
  4235 | D:4      | Killed from afar by an orc priest

Illustrated notes

Levels and vault maps discovered:
D:1:      sevenhm_arrival_forest_fort_small_6, layout_basic,
          ebering_ecumenical_altar_webs, minmay_misc_feat_x
D:2:      minmay_chambers_of_twos, layout_basic
D:3:      minmay_inner_zag, layout_loops_cross, nemelex_dance_club_becter
D:4:      kennysheep_slugbush, layout_basic, serial_shops, nicolae_diamond_shop,
          gammafunk_ghost_necromancy, uniq_menkaure

Skill      XL: |  1  2  3  4  5 |
---------------+----------------+-----
Spellcasting   | 4 5 |  5.7
Conjurations   | 5 6 |  6.0
Hexes          | 1 2 3 |  3.1
Dodging        | |  2.4
Stealth        | |  2.4

Action                   |  1- 3 |  4- 6 || total
-------------------------+-------+-------++-------
Melee: Unarmed           |       |     3 ||     3
 Cast: Magic Dart        |    59 |    40 ||    99
       Searing Ray       |    11 |    15 ||    26
  Use: Potion            |       |     4 ||     4
       Scroll            |       |     3 ||     3
Armor: Robe              |       |     3 ||     3
Dodge: Dodged            |       |    11 ||    11
